 Dungeon Crawl Stone Soup version 0.26.0-10-g1f06aea511 (webtiles) character file.

Game seed: 10596089483482060730

54 Amaterasu the Chopper (level 3, 0/28 (29) HPs)
             Began as a Demonspawn Fighter on Jan 25, 2021.
             Slain by Crazy Yiuf
             ... wielding a +3 quarterstaff of chaos
              (17 damage)
             ... while paralysed by Crazy Yiuf
             ... on level 2 of the Dungeon.
             The game lasted 00:01:42 (2087 turns).

Amaterasu the Chopper (Demonspawn Fighter)          Turns: 2087, Time: 00:01:43

HP:   0/28 (29)     AC:  6    Str: 17    XL:     3   Next: 66%
MP:   3/3           EV:  2    Int:  9    God:
Gold: 94            SH:  0    Dex: 12    Spells: 2/2 levels left

rFire    . . .     SeeInvis .   a - +0 war axe
rCold    . . .     Faith    .   c - +0 kite shield
rNeg     . . .     Spirit   .   b - +0 scale mail
rPois    .         Reflect  .   (helmet restricted)
rElec    .         Harm     .   (no cloak)
rCorr    .         Rampage  .   (no gloves)
Will     .....                  (no boots)
Stlth    ..........             (no amulet)
HPRegen  0.09/turn              h - +4 ring of evasion
MPRegen  0.08/turn              (no ring)

@: paralysed, lightly drained
A: horns 1
a: no special abilities


You were on level 2 of the Dungeon.
You visited 1 branch of the dungeon, and saw 2 of its levels.

You collected 94 gold pieces.

Inventory:

Hand Weapons
 a - a +0 war axe (weapon)
Armour
 b - a +0 scale mail (worn)
 c - a +0 kite shield (worn)
Jewellery
 h - a +4 ring of evasion (left hand)
Scrolls
 i - 2 scrolls of enchant armour {unknown}
 j - a scroll of teleportation
 k - 4 scrolls of identify
 l - a scroll of blinking
 n - a scroll of magic mapping {unknown}
Potions
 d - a potion of might
 e - 2 potions of invisibility {unknown}
 f - a potion of flight
 g - 2 potions of ambrosia {unknown}
 m - 2 potions of haste {unknown}


   Skills:
 - Level 3.0 Fighting
 + Level 3.7 Axes
 - Level 2.6 Armour
 - Level 2.6 Shields


You had 2 spell levels left.
You didn't know any spells.
Your spell library was empty.

Dungeon Overview and Level Annotations

Branches:
Dungeon (2/15)

Altars:
Ashenzari
Elyvilon
Gozag
Kikubaaqudgha
Nemelex Xobeh
Wu Jian
Xom
Yredelemnul
Zin

Annotations:
D:2 Crazy Yiuf


Innate Abilities, Weirdness & Mutations

You have a pair of small horns on your head.


Message History

You open the door.
There is an open door here.
There is an open door here.
You see here a club.
Crazy Yiuf shouts!
Crazy Yiuf yells, "Cholesterol light childish!"
Could not explore, unopened runed door.
Could not explore, unopened runed door.
You open the door. You slash Crazy Yiuf!
Crazy Yiuf is moderately wounded.
Crazy Yiuf hits you but does no damage.
You feel drained.
You hit Crazy Yiuf but do no damage.
Crazy Yiuf is moderately wounded.
Crazy Yiuf hits you with a +3 quarterstaff of chaos!
You suddenly lose the ability to move!
Crazy Yiuf hits you but does no damage.
Crazy Yiuf hits you with a +3 quarterstaff of chaos.
You are electrocuted!
Ouch! That really hurt!
You die...

#.......# #.#
######### #.# #.# #.#
####### #.# #.....#
#.# #.##### ### ♣♣####
#.# #.# #)..#♣♣
♣♣....###.### ####.###
#...g@♣♣♣♣............
.......#
#...#♣..♣......#......
####.#.### ###
♣♣♣.♣....###...## ##
#.....# ♣♣♣♣♣### ##.##
.# ###.### #.#
.#####.##### ########
#.# .#.........#
#...##.# ##+##
##.#######.# #...##.#
##...## ##.# #.#
##.....# ##.....#


You could see Crazy Yiuf.

Vanquished Creatures
  An adder (D:2)
  An ooze (D:2)
  A dart slug (D:1)
  2 giant cockroaches (D:1)
  3 goblins
  7 hobgoblins
  2 jackals (D:1)
  A quokka (D:2)
  6 bats
  3 frilled lizards (D:1)
  5 kobolds (D:1)
  4 rats
36 creatures vanquished.

Notes
Turn   | Place    | Note
-------+----------+-------------------------------------------
     0 | D:1      | Amaterasu the Demonspawn Fighter began the quest for the
                  | Orb.
     0 | D:1      | Reached XP level 1. HP: 18/18 MP: 1/1
   211 | D:1      | Gained mutation: You have a pair of small horns on your
                  | head. [demonic ancestry]
   211 | D:1      | Reached XP level 2. HP: 24/24 MP: 2/2
  1064 | D:2      | Reached XP level 3. HP: 27/29 MP: 3/3
  1220 | D:2      | Found a runed translucent door.
  1221 | D:2      | Noticed Crazy Yiuf
  1277 | D:2      | Found a broken altar of Ashenzari.
  1767 | D:2      | Found a glowing silver altar of Zin.
  1939 | D:2      | Found a white marble altar of Elyvilon.
  1942 | D:2      | Found an opulent altar of Gozag.
  1948 | D:2      | Found a shimmering altar of Xom.
  1948 | D:2      | Found an ancient bone altar of Kikubaaqudgha.
  1948 | D:2      | Found an ornate altar of the Wu Jian Council.
  1949 | D:2      | Found a basalt altar of Yredelemnul.
  1950 | D:2      | Found a sparkling altar of Nemelex Xobeh.
  2085 | D:2      | Paralysed by Crazy Yiuf for 7 turns
  2087 | D:2      | Slain by Crazy Yiuf

Illustrated notes

Levels and vault maps discovered:
D:1:      dpeg_arrival_arbitrary_a, layout_loops_ring
D:2:      layout_loops_corners, ashenzari_conservatory_becter, minitemple,
          marbit_many_paths, uniq_crazy_yiuf_cottage

Skill      XL: |  1  2 |
---------------+-------+-----
Axes           | 2 3 |  3.7
Fighting       | |  3.0
Armour         | |  2.6
Shields        | |  2.6

Action                   || total
-------------------------++-------
Melee: War axe           ||   113
       Headbutt          ||    16
  Use: Scroll            ||     6
Armor: Scale mail        ||    50
Dodge: Dodged            ||    36
Block: Kite shield       ||    54
